 Dungeon Crawl Stone Soup version 0.27-a0-67-g4bfc8a49e1 (webtiles) character file.

Game seed: 10270224633359706171

2362 Borgoz the Covered (level 9, -8/63 HPs)
             Began as a Halfling Fighter on Jan 9, 2021.
             Mangled by a two-headed ogre
             ... wielding a +0 dire flail
              (23 damage)
             ... on level 7 of the Dungeon.
             The game lasted 00:11:41 (9301 turns).

Borgoz the Covered (Halfling Fighter)               Turns: 9301, Time: 00:11:41

Health: -8/63      AC: 14    Str: 26    XL:     9   Next: 72%
Magic:  9/9        EV: 10    Int:  6    God:
Gold:   388        SH: 12    Dex: 20    Spells: 8/8 levels left

rFire    + . .     SeeInvis .   b - +9 dagger of Agony {speed, Will- Str+3 Dex+3}
rCold    . . .     Faith    .   c - +0 kite shield
rNeg     . . .     Spirit   .   A - +3 scale mail {Will+}
rPois    .         Reflect  .   (no helmet)
rElec    .         Harm     .   (no cloak)
rCorr    .         Rampage  .   B - +0 pair of gloves
Will     .....                  t - +1 pair of boots
Stlth    ..........             (no amulet)
HPRegen  0.20/turn              s - ring of protection from fire
MPRegen  0.11/turn              x - +6 ring of strength

@: no status effects
A: small, mutation resistance 1
a: no special abilities


You were on level 7 of the Dungeon.
You visited 1 branch of the dungeon, and saw 8 of its levels.
You also visited: Ossuary.

You collected 388 gold pieces.

Inventory:

Hand Weapons
 a - a +0 long sword
 b - the +9 dagger of Agony (weapon) {speed, Will- Str+3 Dex+3}
   (You found it on level 4 of the Dungeon)

   Attacks with this weapon are significantly faster.
   It affects your strength (+3).
   It affects your dexterity (+3).
   It affects your willpower, your defense against some magical effects.
 d - a +3 rapier of speed
Armour
 c - a +0 kite shield (worn)
 t - a +1 pair of boots (worn)
 A - a +3 scale mail of willpower (worn)
 B - a +0 pair of gloves (worn)
Jewellery
 q - an uncursed ring of protection from cold
 s - a ring of protection from fire (left hand)
 x - a +6 ring of strength (right hand)
Wands
 m - a wand of digging (4)
 u - a wand of enslavement (9)
 y - a wand of iceblast (13)
Scrolls
 e - 8 scrolls of remove curse
 k - 6 scrolls of teleportation
 o - 2 scrolls of amnesia {unknown}
 p - a scroll of fear
 w - a scroll of summoning {unknown}
 z - a scroll of noise {unknown}
Potions
 f - 3 potions of haste
 g - a potion of cancellation
 h - 3 potions of curing
 i - a potion of heal wounds
 j - 2 potions of ambrosia
 l - 2 potions of magic {unknown}
 n - 3 potions of mutation
 r - a potion of brilliance {unknown}
 v - a potion of berserk rage {unknown}


   Skills:
 + Level 6.3 Fighting
 + Level 6.0(7.4) Short Blades
 - Level 5.4(6.4) Long Blades
 + Level 7.6 Armour
 - Level 6.0 Shields


You had 8 spell levels left.
You didn't know any spells.
Your spell library contained the following spells:

 Spells                   Type           Power        Failure   Level
 Beastly Appendage        Tmut           0%           99%         1
 Summon Small Mammal      Summ           0%           99%         1
 Call Imp                 Summ           0%           99%         2
 Wereblood                Tmut           0%           99%         2
 Call Canine Familiar     Summ           0%           100%        3
 Spider Form              Tmut/Pois      0%           100%        3
 Summon Guardian Golem    Hex/Summ       0%           100%        3
 Ice Form                 Ice/Tmut       0%           100%        4
 Summon Ice Beast         Ice/Summ       0%           100%        4
 Summon Lightning Spire   Summ/Air       0%           100%        4
 Blade Hands              Tmut           0%           100%        5


Dungeon Overview and Level Annotations

Branches:
Dungeon (8/15)             Temple (0/1) D:4         Ossuary (visited)
   Lair: D:8-11

Altars:
Cheibriados
Qazlal
Ru
The Shining One

Shops:
D:5 !


Innate Abilities, Weirdness & Mutations

You are small and have problems with some larger weapons.
You are somewhat resistant to further mutation.


Message History

The two-headed ogre is almost dead.
The two-headed ogre hits you with a +0 dire flail!
You block the two-headed ogre's attack.
The bullfrog snags a nearby moth with its tongue.
There is a stone staircase leading up here.
You block the troll's attack. The troll claws you but does no damage.
You block the troll's attack.
The two-headed ogre hits you with a +0 dire flail!
* * * LOW HITPOINT WARNING * * *
You block the two-headed ogre's attack.
The bullfrog hits you but does no damage.
You climb upwards.
There is a stone staircase leading down here.
You feel much better. You block the bullfrog's attack. The troll bites you!
* * * LOW HITPOINT WARNING * * *
The troll claws you but does no damage. The troll closely misses you.
The two-headed ogre hits you with a +0 dire flail.
* * * LOW HITPOINT WARNING * * *
The two-headed ogre hits you with a +0 giant spiked club!!
You die...

....<.............#
###.......#########
#....(.........#
###.##)#######.#
#.##)# #.#
#####.##)# #.#
......##.# #.#
########.# #T#
#.#######@#
#.......FO#
#[.########
########..#
..........#
#########.# #.# ###
#.# ##.######.#


You could see a two-headed ogre, a troll and a bullfrog.

Vanquished Creatures
  Grinder (D:3)
  Duvessa (D:7)
  3 orc warriors
  A centaur (D:7)
  3 ogres
  2 bullfrogs
  Dowan (D:7)
  2 scorpions
  A jelly (D:6)
  A centaur skeleton (D:4)
  A hound (D:6)
  A bullfrog skeleton (D:6)
  7 orc priests
  3 iguanas
  Natasha (thrice) (D:2)
  6 orc wizards
  2 worker ants (D:7)
  2 hound skeletons (D:7)
  12 mummies (Ossuary)
  9 adders
  A shadow imp (D:5)
  4 white imps
  A worm (D:2)
  5 dart slugs
  6 leopard geckos
  30 orcs
  4 bats
  2 giant cockroaches (D:1)
  3 goblins (D:1)
  3 hobgoblins
  14 jackals
  2 ball pythons (D:1)
  4 frilled lizards
  A goblin skeleton (Ossuary)
  4 kobolds
  4 kobold skeletons (Ossuary)
  A leopard gecko zombie (D:5)
  3 orc skeletons (Ossuary)
  A quokka skeleton (D:7)
  5 rats
  11 rat skeletons (Ossuary)
171 creatures vanquished.

Notes
Turn   | Place    | Note
-------+----------+-------------------------------------------
     0 | D:1      | Borgoz the Halfling Fighter began the quest for the Orb.
     0 | D:1      | Reached XP level 1. HP: 15/15 MP: 1/1
   177 | D:1      | Reached XP level 2. HP: 10/20 MP: 2/2
   719 | D:1      | Reached XP level 3. HP: 25/25 MP: 3/3
  1517 | D:2      | Noticed Natasha
  1525 | D:2      | Killed Natasha
  1526 | D:2      | Reached XP level 4. HP: 14/31 MP: 4/4
  1995 | D:3      | Reached XP level 5. HP: 31/36 MP: 5/5
  2196 | D:3      | Reached skill level 4 in Armour
  2868 | D:2      | Noticed Natasha
  2879 | D:2      | Killed Natasha
  2921 | D:2      | Noticed Natasha
  2934 | D:2      | Killed Natasha
  2935 | D:2      | Reached XP level 6. HP: 17/42 MP: 6/6
  3319 | D:3      | Noticed Grinder
  3333 | D:3      | Killed Grinder
  3334 | D:3      | Reached XP level 7. HP: 13/47 MP: 7/7
  3683 | D:3      | Found a glowing golden altar of the Shining One.
  3958 | D:3      | Found a sacrificial altar of Ru.
  4023 | D:4      | Reached skill level 5 in Long Blades
  4246 | D:4      | Got a crude dagger
  4297 | D:4      | Found a staircase to the Ecumenical Temple.
  4590 | D:5      | Entered Level 5 of the Dungeon
  4750 | D:5      | Found Letsug's Distillery.
  4816 | D:5      | Reached skill level 5 in Armour
  4816 | D:5      | Reached skill level 5 in Shields
  5937 | D:5      | Identified the +9 dagger of Agony {speed, Will- Str+3
                  | Dex+3} (You found it on level 4 of the Dungeon)
  5999 | D:6      | Reached XP level 8. HP: 54/54 MP: 8/8
  6139 | D:6      | Reached skill level 1 in Short Blades
  6244 | D:6      | Found a sand-covered staircase.
  6304 | Ossuary  | Entered an ossuary
  7183 | D:6      | Reached skill level 5 in Fighting
  7183 | D:6      | Reached skill level 6 in Armour
  7541 | D:6      | Found a snail-covered altar of Cheibriados.
  7685 | D:7      | Noticed Duvessa
  7703 | D:7      | Killed Duvessa
  7704 | D:7      | Reached XP level 9. HP: 47/61 MP: 9/9
  7878 | D:7      | Noticed Dowan
  7914 | D:7      | Reached skill level 5 in Short Blades
  7920 | D:7      | Killed Dowan
  7921 | D:7      | Reached skill level 7 in Armour
  8555 | D:7      | Found a stormy altar of Qazlal.
  9285 | D:8      | Noticed a two-headed ogre
  9286 | D:8      | Noticed a troll
  9301 | D:7      | Mangled by a two-headed ogre

Illustrated notes

Levels and vault maps discovered:
D:1:      zelgadis_glass_arrival_small, layout_loops_ring, minmay_quantized
D:2:      layout_rooms, uniq_natasha
D:3:      layout_basic, lemuel_doored_altar, lemuel_round_altar, uniq_grinder
D:4:      layout_rooms, temple_statues, kennysheep_potato
D:5:      layout_layer_cave, serial_shops, shop
D:6:      layout_gridville, general_overflow_altar, enter_ossuary_2
D:7:      layout_loops_ring, nicolae_qazlal_style_of_elements,
          grunt_ministairs_2, uniq_duvessa
D:8:      minmay_cut_squares, layout_gridville, uniq_maggie

Skill      XL: |  1  2  3  4  5  6  7  8  9 |
---------------+----------------------------+-----
Fighting       | 3 4 5 6 |  6.3
Long Blades    | 3 4 5 |  5.4
Armour         | 4 5 6 7 |  7.6
Shields        | 4 5 6 |  6.0
Short Blades   | 4 6 |  6.0

Action                   |  1- 3 |  4- 6 |  7- 9 || total
-------------------------+-------+-------+-------++-------
Melee: Long sword        |   108 |   123 |    98 ||   329
       Dagger            |       |       |   381 ||   381
  Use: Scroll            |     3 |     1 |    13 ||    17
       Potion            |       |     1 |     4 ||     5
Armor: Scale mail        |    36 |    43 |    87 ||   166
Dodge: Dodged            |    49 |    51 |    90 ||   190
Block: Kite shield       |    52 |    75 |   156 ||   283
       Rpst.: Long sword |    21 |    13 |     9 ||    43

Table legend: (Time is in decaauts)
 A = Elapsed time spent in this place.
 B = Non-inter-level travel time spent in this place.
 C = Inter-level travel time spent in this place.
 D = Time resting spent in this place.
 E = Time spent auto-exploring this place.
 F = Levels seen in this place.
 G = Mean time per level.
                   A        B        C        D        E       F      G
               +--------+--------+--------+--------+--------+-----+--------+
         Total |   9235 |   8987 |    248 |   2890 |   4702 |   9 | 1026.1 |
       Dungeon |   8602 |   8354 |    248 |   2890 |   4217 |   8 | 1075.2 |
       Ossuary |    632 |    632 |      0 |      0 |    485 |   1 |  632.0 |
               +--------+--------+--------+--------+--------+-----+--------+

Top non-repeatable levels by time:
     D:2: 1669 daAuts
     D:6: 1434 daAuts
     D:5: 1405 daAuts
     D:3: 1297 daAuts
     D:1: 1129 daAuts
     D:7: 1076 daAuts
 Ossuary: 632 daAuts
     D:4: 579 daAuts
     D:8: 10 daAuts
